 Dungeon Crawl Stone Soup version 0.29-a0-1043-g569b05d6ff (webtiles) character file.

Game seed: 11901270806659226631

46 SensoryNuts the Trooper (level 3, -1/40 HPs)
             Began as an Ogre Fighter on Aug 15, 2022.
             Slain by a jackal (2 damage)
             ... on level 2 of the Dungeon.
             The game lasted 00:00:27 (729 turns).

SensoryNuts the Trooper (Ogre Fighter)               Turns: 729, Time: 00:00:28

Health: -1/40      AC:  3    Str: 22    XL:     3   Next: 66%
Magic:  3/3        EV:  8    Int:  9    God:
Gold:   30         SH:  7    Dex:  8    Spells: 2/2 levels left

rFire   . . .      SeeInvis .   a - +0 trident
rCold   . . .      Faith    .   c - +0 kite shield
rNeg    . . .      Spirit   .   b - +0 robe
rPois   .          Reflect  .   (helmet restricted)
rElec   .          Harm     .   (no cloak)
rCorr   .          Rampage  .   (gloves unavailable)
Will    .....                   (boots unavailable)
Stlth   +.........              (no amulet)
HPRegen 0.13/turn               (no ring)
MPRegen 0.08/turn               (no ring)

@: no status effects
A: large, unfitting armour, tough skin 1
a: no special abilities


You were on level 2 of the Dungeon.
You visited 1 branch of the dungeon, and saw 2 of its levels.

You collected 30 gold pieces.

Inventory:

Hand Weapons
 a - a +0 trident (weapon)
Armour
 b - a +0 robe (worn)
 c - a +0 kite shield (worn)
Scrolls
 e - a scroll of identify {unknown}
 g - a scroll of brand weapon {unknown}
Potions
 d - a potion of might
 f - a potion of haste {unknown}


   Skills:
 + Level 4.4 Fighting
 + Level 2.1 Polearms
 + Level 3.2 Dodging
 + Level 3.7 Shields


You had 2 spell levels left.
You didn't know any spells.
Your spell library was empty.

Dungeon Overview and Level Annotations

Branches:
Dungeon (1/15)

Altars:


Innate Abilities, Weirdness & Mutations

You are too large for most types of armour.
You have tough skin. (AC +1)


Message History

You kill the kobold!
You barely miss the kobold. The kobold barely misses you.
You hit the kobold.
The kobold is severely wounded.
The kobold hits you but does no damage.
You hit the kobold but do no damage.
The kobold is severely wounded.
You block the kobold's attack. x2
You hit the kobold.
You kill the kobold!
You puncture the worm!
The worm is heavily wounded.
You puncture the worm!
The worm is almost dead.
The worm bites you but does no damage.
You barely miss the worm.
The worm is almost dead.
The worm bites you but does no damage.
You hit the worm.
The worm is almost dead.
The worm bites you.
* * * LOW HITPOINT WARNING * * *
You hit the worm.
You kill the worm!
The jackal bites you but does no damage.
You closely miss the jackal. The jackal closely misses you.
You hit the jackal.
The jackal is moderately wounded.
You block the jackal's attack. The jackal bites you.
* * * LOW HITPOINT WARNING * * *
You completely miss the jackal.
The jackal is moderately wounded.
You block the jackal's attack. The jackal bites you.
* * * LOW HITPOINT WARNING * * *
You hit the jackal but do no damage.
The jackal is moderately wounded.
The jackal bites you.
* * * LOW HITPOINT WARNING * * *
The jackal bites you.
You die...

........#####...†
...####.........#
................#
########.######.# #.# #.#
#######.# #.# ........## #.#
########......#####.# .
#..h@.........+...#.#
....########.######......###.#.#
......†...................†..#.#
......†...w.....>..........(.#.#
.....#######.#######.........#.#
.... #.........#####.........#.#
... #.###.........##.######.#.#
.. #...........##..# #.#.# .
#.#.........###.## #.#.#


You could see a jackal.

Vanquished Creatures
  3 adders (D:2)
  A worm (D:2)
  A hobgoblin (D:2)
  2 jackals (D:2)
  A quokka (D:2)
  3 ball pythons
  2 frilled lizards (D:2)
  3 kobolds
  2 rats
18 creatures vanquished.

Notes
Turn   | Place    | Note
-------+----------+-------------------------------------------
     0 | D:1      | SensoryNuts the Ogre Fighter began the quest for the Orb.
     0 | D:1      | Reached XP level 1. HP: 24/24 MP: 1/1
   106 | D:1      | You fall into a shaft and drop 1 floor!
   253 | D:2      | Reached XP level 2. HP: 32/32 MP: 2/2
   360 | D:2      | Reached XP level 3. HP: 18/40 MP: 3/3
   729 | D:2      | HP: 1/40 [jackal (2)]
   729 | D:2      | Slain by a jackal

Illustrated notes

Levels and vault maps discovered:
D:1:      giann_bridges, layout_basic, hellmonk_ecumenical_altar_blasted
D:2:      layout_basic

Skill      XL: |  1  2  3 |
---------------+----------+-----
Dodging        | 3 |  3.2
Fighting       | |  4.4
Polearms       | |  2.1
Shields        | |  3.7

Action                   || total
-------------------------++-------
Melee: Trident           ||    73
Armor: Robe              ||    19
Dodge: Dodged            ||    25
Block: Kite shield       ||    31

Table legend: (Time is in decaauts)
 A = Elapsed time spent in this place.
 B = Non-inter-level travel time spent in this place.
 C = Inter-level travel time spent in this place.
 D = Time resting spent in this place.
 E = Time spent auto-exploring this place.
 F = Levels seen in this place.
 G = Mean time per level.
                   A        B        C        D        E       F      G
               +--------+--------+--------+--------+--------+-----+--------+
         Total |    751 |    751 |      0 |      0 |    608 |   2 |  375.5 |
       Dungeon |    751 |    751 |      0 |      0 |    608 |   2 |  375.5 |
               +--------+--------+--------+--------+--------+-----+--------+

Top non-repeatable levels by time:
     D:2: 643 daAuts
     D:1: 108 daAuts
